 Dungeon Crawl Stone Soup version 0.29-a0-582-ge82337ba6a (webtiles) character file.

Game seed: 16351477921471105995

135 dolemite99 the Skirmisher (level 5, -6/59 HPs)
             Began as an Ogre Brigand on June 15, 2022.
             Mangled by a river rat (8 damage)
             ... in a sewer.
             The game lasted 00:04:14 (3515 turns).

dolemite99 the Skirmisher (Ogre Brigand)            Turns: 3515, Time: 00:04:15

Health: -6/59      AC: -4    Str: 17    XL:     5   Next: 18%
Magic:  5/5        EV:  9    Int: 12    God:
Gold:   192        SH:  0    Dex: 10    Spells: 4/4 levels left

rFire   . . .      SeeInvis +   m - +1 mace (holy)
rCold   . . .      Faith    .   (no shield)
rNeg    . . .      Spirit   .   b - +0 robe
rPois   .          Reflect  .   (helmet restricted)
rElec   .          Harm     .   c - +0 cloak
rCorr   .          Rampage  .   (gloves unavailable)
Will    .....                   (boots unavailable)
Stlth   ++........              (no amulet)
HPRegen 0.19/turn               (no ring)
MPRegen 0.09/turn               (no ring)

@: corroded
A: large, unfitting armour, tough skin 1, see invisible
a: no special abilities


You were in a sewer.
You visited 1 branch of the dungeon, and saw 3 of its levels.
You also visited: Sewer.

You collected 192 gold pieces.

Inventory:

Hand Weapons
 a - a +2 dagger
 f - a +0 whip
 m - a +1 mace of holy wrath (weapon)
 r - a +0 trident
Missiles
 d - 7 poisoned darts (quivered)
 e - 3 curare-tipped darts
Armour
 b - a +0 robe (worn)
 c - a +0 cloak (worn)
Jewellery
 i - a ring of resist corrosion
 q - an amulet of regeneration
Scrolls
 h - 2 scrolls of vulnerability
 n - 2 scrolls of identify {unknown}
Potions
 g - 3 potions of mutation
 k - a potion of attraction {unknown}
 l - a potion of berserk rage {unknown}
 p - a potion of degeneration {unknown}


   Skills:
 - Level 5.8 Fighting
 - Level 1.7 Short Blades
 + Level 2.2 Maces & Flails
 - Level 2.0 Throwing
 - Level 0.8 Dodging
 - Level 2.9 Stealth


You had 4 spell levels left.
You didn't know any spells.
Your spell library contained the following spells:

 Spells                   Type           Power      Damage    Failure   Level
 Magic Dart               Conj           0%         1d3       32%         1
 Call Imp                 Summ           0%         N/A       45%         2
 Mephitic Cloud           Conj/Pois/Air  0%         N/A       69%         3
 Summon Guardian Golem    Hex/Summ       0%         N/A       69%         3
 Orb of Destruction       Conj           0%         9d5       100%        7
 Spellforged Servitor     Conj/Summ      0%         N/A       100%        7


Dungeon Overview and Level Annotations

Branches:
Dungeon (3/15)              Sewer (1/1)

Altars:


Innate Abilities, Weirdness & Mutations

You are too large for most types of armour.
You have tough skin. (AC +1)
You have supernaturally acute eyesight. (SInv)


Message History

The frilled lizard bites you but does no damage.
The rat bites you but does no damage.
Your surroundings suddenly seem different.
Splash!
You fall into the shallow water.
Moving in this stuff is going to be slow.
A frilled lizard, a rat and 2 jellies come into view.
Found an amethyst potion, 2 bubbling cyan potions and a helmet.
Found a viscous altar of Jiyva.
The jelly quivers.
The frilled lizard hisses angrily.
A giant cockroach comes into view.
You hit the jelly. The acid corrodes you!
Your hands burn!
The jelly is lightly wounded.
The jelly barely misses you. The frilled lizard misses you. The jelly hits you.
The acid corrodes you!
You are splashed with acid!
As you read the scroll of teleportation, it crumbles to dust.
You feel strangely unstable. The jelly barely misses you.
The jelly closely misses you.
The frilled lizard completely misses you.
The river rat closely misses you. The jelly barely misses you.
The frilled lizard bites you. The jelly hits you.
You are splashed with acid.
The jelly hits you.
You are splashed with acid.
* * * LOW HITPOINT WARNING * * *
The river rat bites you!
* * * LOW HITPOINT WARNING * * *
The jelly barely misses you. The frilled lizard bites you.
* * * LOW HITPOINT WARNING * * *
Your surroundings suddenly seem different.
Splash!
A river rat and a rat come into view.
Found a bubbling cyan potion and a green potion.
The rat bites you.
* * * LOW HITPOINT WARNING * * *
The river rat barely misses you. The rat attacks as you move away!
The rat bites you.
* * * LOW HITPOINT WARNING * * *
The river rat attacks as you move away! The river rat misses you.
The river rat bites you!
You die...

#.≈≈≈r..≈#
≈...!_#
#≈≈.#≈..≈.≈.
≈≈≈..[#
.≈..##≈.≈#..≈
#≈≈##### #.l.#
#≈≈#### #.≈.#
#### #≈.≈###
###..≈.#
#≈....#..≈≈≈###
#.≈....≈..#
#≈rr.≈# ##.@!##
#####


You could see a river rat and a rat.

Vanquished Creatures
  5 adders
  3 worms
  A dart slug (D:2)
  2 orcs (D:3)
  A bat (D:1)
  15 endoplasms
  5 giant cockroaches
  7 goblins
  5 hobgoblins (D:2)
  5 jackals
  4 kobolds
  4 quokkas
  8 ball pythons
  A frilled lizard (D:2)
  6 rats
72 creatures vanquished.

Notes
Turn   | Place    | Note
-------+----------+-------------------------------------------
     0 | D:1      | dolemite99 the Ogre Brigand began the quest for the Orb.
     0 | D:1      | Reached XP level 1. HP: 22/22 MP: 1/1
    73 | D:1      | Reached skill level 3 in Fighting
   130 | D:1      | Reached XP level 2. HP: 30/31 MP: 2/2
   324 | D:1      | Reached skill level 4 in Fighting
   645 | D:1      | Reached XP level 3. HP: 40/40 MP: 3/3
  1182 | D:2      | Reached skill level 5 in Fighting
  1715 | D:2      | Reached XP level 4. HP: 48/50 MP: 4/4
  2374 | D:3      | Reached skill level 1 in Maces & Flails
  2380 | D:3      | Found a glowing drain.
  2456 | Sewer    | Entered a sewer
  2801 | Sewer    | Gained mutation: You have supernaturally acute eyesight.
                  | (SInv) [potion of mutation]
  3265 | Sewer    | Reached XP level 5. HP: 59/59 MP: 5/5
  3507 | Sewer    | Found a viscous altar of Jiyva.
  3515 | Sewer    | HP: 2/59 [rat (1)]
  3515 | Sewer    | Mangled by a river rat

Illustrated notes

Levels and vault maps discovered:
D:1:      eino_arrival_cavern_a, layout_basic, corexii_item_surrounded_by_moat
D:2:      layout_basic
D:3:      minmay_wonky_spiral, layout_loops_ring, portal_sewer_entry_d
Sewer:    sewer_hellmonk_slimy_pipes

Skill      XL: |  1  2  3  4  5 |
---------------+----------------+-----
Fighting       | 3 4 5 |  5.8
Maces & Flails | 1 2 |  2.2
Short Blades   | |  1.7
Throwing       | |  2.0
Dodging        | |  0.8
Stealth        | |  2.9

Action                   |  1- 3 |  4- 6 || total
-------------------------+-------+-------++-------
Melee: Dagger            |    94 |    28 ||   122
       Mace              |       |    69 ||    69
Throw: Dart              |    86 |    29 ||   115
  Use: Scroll            |     3 |     3 ||     6
       Potion            |       |     2 ||     2
 Stab: Sleeping          |     1 |     1 ||     2
Armor: Robe              |    27 |    69 ||    96
Dodge: Dodged            |    36 |    77 ||   113

Table legend: (Time is in decaauts)
 A = Elapsed time spent in this place.
 B = Non-inter-level travel time spent in this place.
 C = Inter-level travel time spent in this place.
 D = Time resting spent in this place.
 E = Time spent auto-exploring this place.
 F = Levels seen in this place.
 G = Mean time per level.
                   A        B        C        D        E       F      G
               +--------+--------+--------+--------+--------+-----+--------+
         Total |   3536 |   3406 |    130 |   1093 |   1460 |   4 |  884.0 |
       Dungeon |   2450 |   2320 |    130 |    242 |   1422 |   3 |  816.7 |
         Sewer |   1086 |   1086 |      0 |    851 |     37 |   1 | 1086.0 |
               +--------+--------+--------+--------+--------+-----+--------+

Top non-repeatable levels by time:
     D:2: 1111 daAuts
   Sewer: 1086 daAuts
     D:1: 1048 daAuts
     D:3: 290 daAuts
